 Dungeon Crawl Stone Soup version 0.23.0 (webtiles) character file.

Game seed: 12264727342085731767

623 buskinjo2 the Ruffian (level 7, 0/46 HPs)
             Began as a Demonspawn Fighter on Feb 10, 2019.
             Slain by a hound (2 damage)
             ... on level 4 of the Dungeon.
             The game lasted 00:13:44 (4745 turns).

buskinjo2 the Ruffian (Demonspawn Fighter)          Turns: 4745, Time: 00:13:45

Health: 0/46       AC:  9    Str: 19    XL:     7   Next: 22%
Magic:  0/7        EV: 10    Int: 11    God:
Gold:   191        SH:  5    Dex: 12    Spells: 6/6 levels left

rFire    + + .     SeeInvis .     - Unarmed
rCold    + . .     Gourm    .   (no shield)
rNeg     . . .     Faith    .   m - +4 ring mail
rPois    .         Spirit   +   (no helmet)
rElec    .         Reflect  +   (no cloak)
rCorr    .         Harm     .   (no gloves)
MR       .....                  (no boots)
Stlth    +.........             r - +5 amulet of reflection
HPRegen  0.15/turn              g - ring of protection from fire
MPRegen  0.10/turn              f - ring of protection from fire

@: slowed, very slow
A: clever 1, cold resistance 1, frail 1, sense surroundings 1, magic shield,
freezing cloud immunity
a: no special abilities


You were on level 4 of the Dungeon.
You were hungry.

You visited 1 branch of the dungeon, and saw 4 of its levels.

You collected 191 gold pieces.

Inventory:

Missiles
 j - 64 stones (quivered)
Armour
 b - a +0 shield
 m - a +4 ring mail (worn)
Jewellery
 f - a ring of protection from fire (right hand)
 g - a ring of protection from fire (left hand)
 l - a cursed amulet of inaccuracy {unknown}
 r - a +5 amulet of reflection (around neck)
Wands
 c - a wand of acid (9)
 s - a wand of flame (7)
Scrolls
 o - 4 scrolls of remove curse
 p - a scroll of identify
Potions
 a - a potion of resistance
 e - 2 potions of curing
 i - 2 potions of flight
 n - a potion of heal wounds
Comestibles
 d - 8 rations


   Skills:
 - Level 3.0 Fighting
 - Level 2.6 Armour
 - Level 2.6 Shields
 + Level 7.4 Unarmed Combat


You had 6 spell levels left.
You didn't know any spells.
Your spell library was empty.

Dungeon Overview and Level Annotations

Branches:
Dungeon (4/15)             Temple (0/1) D:4

Altars:

Annotations:
D:4 Eustachio


Innate Abilities, Weirdness & Mutations

Your flesh is cold resistant. (rC+)
When hurt, damage is shared between your health and your magic reserves.
You are immune to freezing clouds.
Your mind is acute. (Int +2)
You are frail. (-10% HP)
You passively map a small area around you.


Message History

Eustachio mumbles some strange words.
The gnoll hits you but does no damage.
You barely miss the orc.
The orc is lightly wounded.
The bat misses you. The hound closely misses you. The ooze closely misses you.
You block the orc's attack. The gnoll hits you but does no damage.
You block the gnoll's attack. The orc closely misses you.
The gnoll hits you but does no damage. The hound barely misses you.
Unknown command.
You hit the orc but do no damage. You punch the orc.
You kill the orc!
The bat closely misses you. The bat hits you but does no damage.
The ooze misses you.
The orc priest mumbles some strange prayers to Beogh against you.
Beogh smites you!
* * * LOW HITPOINT WARNING * * *
The gnoll closely misses you. The gnoll hits you with a +0 whip!
* * * LOW HITPOINT WARNING * * *
The hound bites you.
You die...

############.##
#.# #.# * * #.#
,, * #.# * .. ,*
#.# ...ยง
*######.#
...bo##bgo##5###
...oZo[@hgo5@5.#
....o##oJg#o...#
* ...,
####oo...# .,
##....#########
* ,
##.#....g..... *
#.#####...... *
#.# #.###.# #'#
#o##. # ...*
#g##. #


You could see Eustachio, a hound, 2 orc priests, 2 orc wizards, 3 gnolls, 2
crimson imps, an ooze, a shadow imp, 6 orcs, 2 bats and an adder skeleton.

Vanquished Creatures
  Sigmund (D:3)
  An ogre (D:4)
  An orc priest (D:4)
  3 orc wizards
  An iguana (D:4)
  Natasha (thrice) (D:3)
  Ijyb (D:3)
  Robin (D:2)
  3 gnolls
  3 adders
  An adder zombie (D:3)
  A worm (D:2)
  A leopard gecko (D:2)
  7 orcs
  4 giant cockroaches
  12 goblins
  7 hobgoblins
  2 jackals (D:4)
  11 kobolds
  3 quokkas
  6 bats
  5 frilled lizards
  7 rats
85 creatures vanquished.

Notes
Turn   | Place    | Note
-------+----------+-------------------------------------------
     0 | D:1      | buskinjo2 the Demonspawn Fighter began the quest for the
                  | Orb.
     0 | D:1      | Reached XP level 1. HP: 18/18 MP: 1/1
    87 | D:1      | Reached skill level 2 in Unarmed Combat
   406 | D:1      | Gained mutation: Your flesh is cold resistant. (rC+)
                  | [demonic ancestry]
   406 | D:1      | Reached XP level 2. HP: 24/24 MP: 2/2
   846 | D:2      | Reached skill level 3 in Unarmed Combat
   886 | D:2      | Noticed Robin
  1060 | D:1      | Reached XP level 3. HP: 19/29 MP: 3/3
  1174 | D:2      | Killed Robin
  1805 | D:1      | Reached skill level 4 in Unarmed Combat
  1805 | D:1      | Gained mutation: You are immune to freezing clouds.
                  | [demonic ancestry]
  1805 | D:1      | Reached XP level 4. HP: 19/35 MP: 4/4
  2788 | D:3      | Gained mutation: When hurt, damage is shared between your
                  | health and your magic reserves. [demonic ancestry]
  2788 | D:3      | Reached XP level 5. HP: 29/41 MP: 5/5
  2793 | D:3      | Reached skill level 5 in Unarmed Combat
  2926 | D:3      | Noticed Ijyb
  2954 | D:3      | Killed Ijyb
  3037 | D:3      | Noticed Natasha
  3059 | D:3      | Killed Natasha
  3115 | D:3      | Noticed Sigmund
  3211 | D:3      | Noticed Natasha
  3222 | D:3      | Killed Natasha
  3311 | D:3      | Reached XP level 6. HP: 47/47 MP: 6/6
  3364 | D:3      | Noticed Natasha
  3370 | D:3      | Killed Natasha
  3485 | D:3      | Killed Sigmund
  3485 | D:3      | Reached skill level 6 in Unarmed Combat
  3738 | D:4      | HP: 1/47 [ogre/+0 giant club (12)]
  3899 | D:4      | Reached skill level 7 in Unarmed Combat
  3899 | D:4      | Reached XP level 7. HP: 28/52 MP: 7/7
  4326 | D:4      | Found a staircase to the Ecumenical Temple.
  4729 | D:4      | Noticed Eustachio
  4731 | D:4      | Gained mutation: You passively map a small area around you.
                  | [potion of mutation]
  4731 | D:4      | Gained mutation: You are frail. (-10% HP) [potion of
                  | mutation]
  4731 | D:4      | Gained mutation: Your mind is acute. (Int +2) [potion of
                  | mutation]
  4745 | D:4      | HP: 2/46 [gnoll/+0 whip (6)]
  4745 | D:4      | Slain by a hound

Skill      XL: |  1  2  3  4  5  6 |
---------------+-------------------+-----
Unarmed Combat | 2 3 4 5 7 |  7.4
Fighting       | |  3.0
Armour         | |  2.6
Shields        | |  2.6

Action                   |  1- 3 |  4- 6 |  7- 9 || total
-------------------------+-------+-------+-------++-------
Melee: Unarmed           |   214 |   185 |    57 ||   456
       Punch             |     2 |     5 |     3 ||    10
Throw: Stone             |       |     1 |       ||     1
  Use: Scroll            |     5 |     5 |     2 ||    12
       Potion            |     2 |     5 |     2 ||     9
 Stab: Invisible         |       |       |     3 ||     3
  Eat: Chunk             |     3 |     7 |     2 ||    12
Armor: Scale mail        |   144 |     5 |       ||   149
       Ring mail         |       |    47 |    44 ||    91
       Skin              |       |     5 |       ||     5
Dodge: Dodged            |   129 |    58 |    59 ||   246
Block: Other             |       |    22 |    24 ||    46
